 Dungeon Crawl Stone Soup version 0.26.0-7-g794d0892b4 (webtiles) character file.

Game seed: 15104176274377607293

79 jackrogers the Ruffian (level 4, 0/38 HPs)
             Began as a Draconian Monk on Jan 12, 2021.
             Succumbed to kobold's curare-tipped dart
             ... on level 3 of the Dungeon.
             The game lasted 00:02:18 (2488 turns).

jackrogers the Ruffian (Draconian Monk)             Turns: 2488, Time: 00:02:19

Health: 0/38       AC:  5    Str: 12 (14) XL:     4   Next: 16%
Magic:  4/4        EV: 12    Int: 12 (13) God:
Gold:   182        SH:  0    Dex: 11 (13) Spells: 3/3 levels left

rFire    + . .     SeeInvis .     - Unarmed
rCold    . . .     Faith    .   (no shield)
rNeg     . . .     Spirit   .   (armour unavailable)
rPois    .         Reflect  .   (helmet restricted)
rElec    .         Harm     .   (no cloak)
rCorr    .         Rampage  .   (no gloves)
Will     .....                  (no boots)
Stlth    +++.......             (no amulet)
HPRegen  0.00/turn              h - ring of stealth {Stlth+}
MPRegen  0.09/turn              (no ring)

@: lethally poisoned (0 -> -7), slowed, very slow
A: unfitting armour, beak, clever 1, fire resistance 1, inhibited regeneration,
cold-blooded, AC +5
a: no special abilities


You were on level 3 of the Dungeon.
You visited 1 branch of the dungeon, and saw 3 of its levels.

You collected 182 gold pieces.

Inventory:

Hand Weapons
 j - a +0 hunting sling
   (You found it on level 1 of the Dungeon)
Missiles
 i - 62 stones (quivered)
Jewellery
 e - a +4 ring of protection {unknown}
   (You found it on level 2 of the Dungeon)
 h - a ring of stealth (left hand) {Stlth+}
   (You found it on level 1 of the Dungeon)
Scrolls
 a - a scroll of identify
 c - a scroll of teleportation
Potions
 b - a potion of degeneration {!q}
 f - a potion of resistance


   Skills:
 - Level 3.2 Fighting
 - Level 2.6 Dodging
 - Level 1.7 Stealth
 * Level 5.0 Unarmed Combat


You had 3 spell levels left.
You didn't know any spells.
Your spell library was empty.

Dungeon Overview and Level Annotations

Branches:
Dungeon (3/15)

Altars:
Makhleb

Annotations:
D:3 Robin


Innate Abilities, Weirdness & Mutations

Your plain brown scales are hard. (AC +5)
You cannot fit into any form of body armour.
You are cold-blooded and may be slowed by cold attacks.
You have a beak for a mouth.
Your mind is acute. (Int +2)
Your flesh is heat resistant. (rF+)
You do not regenerate when monsters are visible.


Message History

You kill the goblin!
Robin roars a battlecry!
The goblins go into a battle-frenzy!
The goblin hits you but does no damage.
You closely miss the goblin.
The goblin no longer looks unusually strong.
Robin throws the goblin at you!
A kobold comes into view. It is quivering 4 curare-tipped darts.
The goblin hits you with a +0 dagger.
A goblin comes into view. It is wielding a +0 dagger.
Spoiler Alert: The adder is fast and can poison!
The kobold shouts!
You hit the goblin.
The goblin no longer looks unusually strong. x2
The goblin closely misses you.
Robin roars a battlecry!
The goblins go into a battle-frenzy!
The kobold throws a curare-tipped dart.
The curare-tipped dart barely misses you.
The goblin barely misses you.
Spoiler Alert: The adder is fast and can poison!
You barely miss the goblin. The goblin closely misses you.
The kobold throws a curare-tipped dart.
The curare-tipped dart hits you.
You are poisoned.
You have difficulty breathing.
* * * LOW HITPOINT WARNING * * *
You feel yourself slow down.
A hobgoblin comes into view. It is wielding a +0 club.
The goblin hits you but does no damage.
Spoiler Alert: The adder is fast and can poison!
It was a potion of degeneration.
There was something very wrong with that liquid.
You feel weakened.
You feel dopey.
You feel clumsy.
* * * LOW HITPOINT WARNING * * *
You feel sick.
The hobgoblin shouts!
Robin throws the goblin at you!
* * * LOW HITPOINT WARNING * * *
The goblin hits you but does no damage. The goblin barely misses you.
The kobold throws a curare-tipped dart.
The curare-tipped dart closely misses you.
The goblin closely misses you.
Robin hits you from afar with a +0 trident.
* * * LOW HITPOINT WARNING * * *
The goblin closely misses you. The goblin barely misses you.
You feel much better.
You feel sick.
The goblin no longer looks unusually strong.
The kobold throws a curare-tipped dart.
The curare-tipped dart closely misses you.
The goblin hits you with a +0 dagger. The goblin closely misses you.
Robin roars a battlecry!
The goblin goes into a battle-frenzy!
The goblin hits you with a +0 club.
* * * LOW HITPOINT WARNING * * *
The goblin completely misses you.
Spoiler Alert: The adder is fast and can poison!
It was a potion of mutation.
You feel extremely strange.
Your regeneration stops near monsters.
You feel resistant to heat.
Your mouth lengthens and hardens into a beak!
You feel clever.
* * * LOW HITPOINT WARNING * * *
You feel sick.
Robin's horned helmet rattles.
Robin closely misses you. The goblin misses you. The goblin closely misses you.
The goblin barely misses you. x2; Robin barely misses you.
Spoiler Alert: The adder is fast and can poison!
Okay, then.
Okay, then.
As you read the scroll of teleportation, it crumbles to dust.
You feel strangely unstable.
* * * LOW HITPOINT WARNING * * *
You feel sick.
The goblin hits you but does no damage. x3
Robin throws the goblin at you!
* * * LOW HITPOINT WARNING * * *
The goblin hits you with a +0 dagger.
* * * LOW HITPOINT WARNING * * *
The goblin hits you but does no damage.
Spoiler Alert: The adder is fast and can poison!
Unknown command.
You closely miss the goblin. You peck the goblin.
You kill the goblin!
* * * LOW HITPOINT WARNING * * *
You feel sick.
Robin roars a battlecry!
The hobgoblin goes into a battle-frenzy!
The goblin hits you with a +0 dagger.
* * * LOW HITPOINT WARNING * * *
The hobgoblin barely misses you. The goblin barely misses you.
Spoiler Alert: The adder is fast and can poison!
Unknown command.
Unknown command.
You closely miss the goblin.
Your surroundings suddenly seem different.
Found three items.
Found a stone staircase leading up and a stone staircase leading down.
A hobgoblin and an orc come into view.
Unknown command.
You die...

... o. . .. .#
#>####.#####
#..........# #
#...g......#
#.#..........#
#.?....!.....#
#..........#
##...@.....#
#.........#
#.=.......#
##.##.##### #.
.# #. .# ## .#
.#


You could see a hobgoblin (asleep).

Vanquished Creatures
  An adder (D:2)
  A gnoll (D:1)
  A worm (D:2)
  2 dart slugs (D:2)
  3 leopard geckos
  A ball python (D:1)
  3 giant cockroaches
  5 goblins (D:3)
  7 hobgoblins
  4 jackals (D:1)
  A quokka (D:2)
  9 bats
  A frilled lizard (D:1)
  3 kobolds
  6 rats
48 creatures vanquished.

Notes
Turn   | Place    | Note
-------+----------+-------------------------------------------
     0 | D:1      | jackrogers the Draconian Monk began the quest for the Orb.
     0 | D:1      | Reached XP level 1. HP: 19/19 MP: 1/1
     6 | D:1      | Noticed a black bear
     6 | D:1      | Noticed a water moccasin
     7 | D:1      | Noticed a lindwurm
     7 | D:1      | Noticed a hound
    39 | D:1      | HP: 4/19 [jackal (2)]
   344 | D:1      | Reached XP level 2. HP: 26/26 MP: 2/2
   356 | D:1      | HP: 4/26 [gnoll/+1 whip of electrocution (7)]
   361 | D:1      | Reached skill level 4 in Unarmed Combat
  1040 | D:1      | Reached XP level 3. HP: 31/31 MP: 3/3
  1916 | D:2      | Found a faded altar of an unknown god.
  2073 | D:2      | Found a burning altar of Makhleb.
  2342 | D:2      | Reached XP level 4. HP: 38/38 MP: 4/4
  2459 | D:3      | Noticed Robin
  2464 | D:3      | Reached skill level 5 in Unarmed Combat
  2481 | D:3      | HP: 7/38 [asphyx]
  2482 | D:3      | HP: 1/38 [Robin/+0 trident (4)]
  2484 | D:3      | Gained mutation: You do not regenerate when monsters are
                  | visible. [potion of mutation]
  2484 | D:3      | Gained mutation: Your flesh is heat resistant. (rF+)
                  | [potion of mutation]
  2484 | D:3      | Gained mutation: You have a beak for a mouth. [potion of
                  | mutation]
  2484 | D:3      | Gained mutation: Your mind is acute. (Int +2) [potion of
                  | mutation]
  2488 | D:3      | Succumbed to kobold's curare-tipped dart

Illustrated notes

Levels and vault maps discovered:
D:1:      onia_arrival_zoo_common, layout_loops_corners, minmay_hexomino_c4
D:2:      layout_basic, marbit_many_paths, chequers_ecumenical_altar_island
D:3:      layout_rooms, fedhas_altar_3, nicolae_overflow_hidden_temple,
          bloody_trog, lemuel_coloured_pillars_altar, uniq_robin,
          uniq_crazy_yiuf_cottage, uniq_ijyb

Skill      XL: |  1  2  3  4 |
---------------+-------------+-----
Unarmed Combat | 4 5 |  5.0
Fighting       | |  3.2
Dodging        | |  2.6
Stealth        | |  1.7

Action                   |  1- 3 |  4- 6 || total
-------------------------+-------+-------++-------
Melee: Unarmed           |   128 |    25 ||   153
       Tailslap          |    10 |     2 ||    12
       Punch             |     1 |     1 ||     2
       Peck              |       |     1 ||     1
Throw: Stone             |    40 |     2 ||    42
  Use: Scroll            |     4 |     2 ||     6
       Potion            |       |     3 ||     3
 Stab: Sleeping          |     1 |       ||     1
Armor: Skin              |    43 |    13 ||    56
Dodge: Dodged            |   102 |    29 ||   131

Table legend: (Time is in decaauts)
 A = Elapsed time spent in this place.
 B = Non-inter-level travel time spent in this place.
 C = Inter-level travel time spent in this place.
 D = Time resting spent in this place.
 E = Time spent auto-exploring this place.
 F = Levels seen in this place.
 G = Mean time per level.
                   A        B        C        D        E       F      G
               +--------+--------+--------+--------+--------+-----+--------+
         Total |   2483 |   2428 |     55 |    589 |   1546 |   3 |  827.7 |
       Dungeon |   2483 |   2428 |     55 |    589 |   1546 |   3 |  827.7 |
               +--------+--------+--------+--------+--------+-----+--------+

Top non-repeatable levels by time:
     D:1: 1724 daAuts
     D:2: 695 daAuts
     D:3: 63 daAuts

Table legend:
 A = Kills in this place as a percentage of kills in entire the game.
 B = Kills by you in this place as a percentage of kills by you in the entire game.
 C = Kills by friends in this place as a percentage of kills by friends in the entire game.
 D = Other kills in this place as a percentage of other kills in the entire game.
 E = Experience gained in this place as a percentage of experience gained in the entire game.
 F = Experience gained in this place divided by the number of levels of this place that you have seen.
                   A       B       C       D       E      F
               +-------+-------+-------+-------+-------+----------------------
         Total | 100.0 | 100.0 |   N/A |   N/A | 100.0 |  37.7
       Dungeon | 100.0 | 100.0 |   N/A |   N/A | 100.0 |  37.7
               +-------+-------+-------+-------+-------+----------------------
